AoeStats
← 1Pac

Yucatan

510282952Analyzed
3v3 RM · 2d ago on Sep 30, 2026· 43m 52s· 6 players
Game mode
Random Map
Map size
Normal (6 player)
Population
200
Speed
Normal
Resources
Standard
Victory
Conquest
Starting age
Dark Age
Ending age
Imperial Age
RankedLock teamsTeams togetherTeam positionsShared explorationLock speedFull tech treeHidden civsTurbo modeCheats
Victory
Defeat
🇸🇪 Danes · Sweden
1134
+18
🇸🇪 Franks · Sweden
1100
+19
🇦🇺 Mongols · Australia
1068
+20
🇦🇺 Slavs · Australia
1203
-20
🇦🇺 Varangians · Australia
1177
-19
🇦🇺 Romans · Australia
1134
-18
Sturdy Badger
2:22 Loom
14:10 Feudal Age
14:26 Man-at-Arms
16:32 Padded Archer Armor
16:32 Horse Collar
17:55 Fletching
18:54 Double-Bit Axe
19:42 Scale Mail Armor
21:03 Forging
23:29 Castle Age
22:47 Forging
22:27 Arson
23:32 Crossbowman
25:50 Bow Saw
32:05 Leather Archer Armor
32:18 Fervor
37:19 Imperial Age
35:34 Heavy Plow
35:29 Gambesons
37:22 Wheelbarrow
36:33 Town Watch
37:01 Long Swordsman
37:42 Squires
37:22 Capped Ram
38:31 Sanctity
38:48 Chain Mail Armor
38:05 Two-Handed Swordsman
39:37 Hand Cart
39:47 Gold Mining
39:47 Stone Mining
40:37 Plate Mail Armor
40:42 Iron Casting
41:37 Chemistry
40:51 Champion
42:12 Iron Casting
43:04 Masonry
44:42 Conscription
Hans Solo
10:02 Feudal Age
12:43 Forging
14:59 Scale Barding Armor
19:59 Castle Age
18:47 Double-Bit Axe
18:55 Gold Mining
22:05 Iron Casting
21:56 Husbandry
25:23 Gold Shaft Mining
25:34 Chain Barding Armor
32:53 Bow Saw
33:56 Wheelbarrow
33:54 Stone Mining
34:55 Hand Cart
40:49 Imperial Age
40:21 Town Watch
40:22 Loom
41:10 Cavalier
42:28 Plate Barding Armor
42:54 Blast Furnace
43:45 Paladin
Great
10:01 Feudal Age
12:54 Double-Bit Axe
13:04 Loom
15:42 Castle Age
15:35 Horse Collar
17:34 Bow Saw
17:24 Heavy Plow
25:18 Wheelbarrow
25:19 Town Watch
26:59 Hand Cart
33:25 Imperial Age
30:54 Gold Mining
31:20 Stone Mining
31:31 Fletching
31:59 Fortified Wall
32:14 Bodkin Arrow
33:13 Town Patrol
33:37 Padded Archer Armor
33:56 Bloodlines
33:46 Husbandry
33:54 Thumb Ring
34:32 Conscription
34:22 Bracer
35:14 Leather Archer Armor
35:27 Parthian Tactics
36:50 Gold Shaft Mining
38:04 Stone Shaft Mining
37:18 Elite Mangudai
38:18 Capped Ram
39:48 Ballistics
40:28 Chemistry
39:30 Siege Ram
41:21 Scale Barding Armor
42:48 Drill
42:29 Nomads
43:09 Chain Barding Armor
42:12 Light Cavalry
44:00 Forging
43:59 Siege Engineers
43:27 Hussar
Moriarty
0:30 Loom
12:36 Feudal Age
13:07 Double-Bit Axe
17:06 Fletching
20:18 Castle Age
18:55 Padded Archer Armor
19:35 Horse Collar
20:28 Crossbowman
21:24 Bow Saw
22:41 Pikeman
24:39 Leather Archer Armor
25:01 Squires
25:20 Heavy Plow
24:56 Elite Skirmisher
26:22 Man-at-Arms
27:16 Bodkin Arrow
27:40 Long Swordsman
29:33 Scale Mail Armor
29:44 Forging
30:48 Wheelbarrow
31:09 Town Watch
32:54 Ballistics
32:44 Fortified Wall
32:30 Murder Holes
36:04 Imperial Age
37:29 Conscription
36:38 Halberdier
39:13 Comitatenses
40:04 Iron Casting
39:45 Chain Mail Armor
40:59 Hand Cart
40:28 Legionary
Ombudsman
12:58 Feudal Age
13:15 Loom
16:55 Castle Age
21:37 Double-Bit Axe
22:40 Bloodlines
23:55 Pikeman
26:54 Horse Collar
28:29 Scale Mail Armor
31:39 Heavy Plow
36:24 Imperial Age
34:47 Scale Barding Armor
34:44 Husbandry
35:01 Masonry
35:17 Fortified Wall
35:28 Detinets
36:54 Fletching
37:04 Padded Archer Armor
36:59 Elite Skirmisher
38:07 Bodkin Arrow
38:57 Leather Archer Armor
41:41 Conscription
1Pac
2:48 Loom
8:03 Loom
11:17 Feudal Age
12:40 Double-Bit Axe
14:57 Fletching
19:13 Horse Collar
22:58 Castle Age
21:25 Padded Archer Armor
22:58 Stone Mining
22:59 Gold Mining
31:07 Bloodlines
31:22 Town Watch
34:34 Scale Barding Armor
35:10 Bodkin Arrow
37:29 Ballistics
43:02 Imperial Age
42:26 Heavy Plow
42:40 Forging
Connection lost

Rejoining the realm…

Still unreachable

The connection could not be restored.

Session expired

The server has moved on; the page needs a fresh start.